Map: Interloper LE

Players

MaSa

  • Race: Terran Terran
  • Spawn Location: 11:00

Elazer - Winner!

  • Race: Zerg Zerg
  • Spawn Location: 5:00

Event: WCS Montreal 2017

VOD

Have the link to the VOD?

Description

Time

  • Played on: Sept. 9, 2017, 1:29 p.m.
  • Length: 6:36

All games in this series

Show
View Real Time Build Order
Export as new Build Order

MaSa Terran 

Build Orders: Gas First Reaper Expand, Reaper Expand, Mech 

Get SALT Encoding   

  12  0:00  SCV  
  13  0:12  SCV  
  14  0:17  Supply Depot  
  14  0:24  SCV  
  14  0:27  Refinery  
  15  0:39  SCV  
  16  0:44  Barracks  
  16  0:51  SCV  
  17  1:03  SCV  
  18  1:15  SCV  
  19  1:32  Orbital Command, Reaper  
  20  1:43  Command Center  
  20  1:53  Factory  
  20  1:57  SCV  
  21  2:03  Refinery  
  21  2:06  Barracks Reactor  
  21  2:09  SCV  
  22  2:17  Supply Depot  
  22  2:21  SCV  
  23  2:38  SCV  
  23  2:42  Starport  
  24  2:50  SCV, Hellion x2  
  24  2:51  Barracks Tech Lab  
  29  2:58  Orbital Command  
  29  3:04  SCV  
  30  3:11  Widow Mine x2  
  34  3:16  SCV  
  34  3:18  Medivac  
  37  3:26  Supply Depot, SCV  
  38  3:28  SCV  
  39  3:38  SCV  
  39  3:41  SCV  
  43  3:48  Hellion  
  43  3:50  Supply Depot, SCV  
  43  3:51  Viking  
  43  3:53  SCV  
  47  4:04  Command Center  
  47  4:07  SCV x2  
  49  4:19  SCV  
  49  4:21  Factory  
  51  4:24  SCV  
  51  4:29  Factory  
  51  4:31  SCV  
  49  4:36  SCV, Hellion  
  49  4:37  Barracks Tech Lab  
  52  4:43  SCV  
  53  4:46  Refinery x2  
  53  4:48  SCV  
  53  4:52  Starport Reactor, Hellion  
  56  4:55  SCV  
  57  5:00  SCV  
  57  5:02  Hellion  
  60  5:07  SCV  
  60  5:10  Armory x2  
  60  5:12  SCV  
  62  5:16  Supply Depot, Hellion  
  62  5:18  Supply Depot  
  62  5:19  SCV  
  62  5:20  Orbital Command  
  67  5:21  Hellion  
  67  5:22  Liberator  
  67  5:26  Siege Tank  
  70  5:33  SCV  
  71  5:40  Hellion  
  71  5:41  Hellion  
  76  5:46  Hellion  
  66  5:58  Siege Tank  
  66  6:02  Hellion x2  
Show
View Real Time Build Order
Export as new Build Order

Elazer Zerg - Winner!

Build Orders: Hatch First 

Get SALT Encoding   

  12  0:00  Drone  
  13  0:12  Overlord  
  13  0:17  Drone  
  14  0:30  Drone x2  
  14  0:34  Drone  
  17  0:51  Hatchery  
  17  0:54  Drone  
  17  0:57  Drone  
  18  1:07  Extractor  
  17  1:12  Spawning Pool  
  17  1:15  Drone  
  18  1:18  Drone  
  18  1:27  Drone  
  19  1:38  Overlord  
  19  1:49  Drone  
  20  1:58  Queen  
  20  2:00  Zergling x2  
  23  2:03  Queen, Zergling x2  
  23  2:06  Metabolic Boost  
  26  2:24  Hatchery  
  26  2:27  Drone  
  26  2:29  Drone  
  27  2:38  Drone  
  27  2:40  Queen  
  30  2:44  Drone  
  30  2:47  Drone  
  32  2:53  Overlord  
  32  2:55  Drone  
  33  2:58  Drone  
  33  3:05  Drone x2  
  36  3:11  Queen  
  38  3:17  Zergling x6  
  40  3:22  Drone x2  
  40  3:24  Overlord  
  42  3:29  Drone  
  43  3:36  Drone  
  43  3:37  Queen, Drone  
  43  3:38  Drone  
  48  3:43  Overlord  
  48  3:44  Drone  
  49  3:51  Drone  
  49  3:52  Queen  
  49  3:53  Drone  
  53  3:59  Roach Warren  
  53  4:02  Pneumatized Carapace  
  52  4:05  Extractor  
  52  4:06  Extractor, Drone  
  52  4:07  Drone  
  52  4:08  Drone  
  53  4:10  Drone  
  53  4:12  Drone  
  55  4:17  Overlord  
  55  4:19  Drone x2  
  55  4:21  Drone  
  56  4:34  Zergling x4  
  58  4:38  Evolution Chamber  
  58  4:42  Roach x4  
  65  4:49  Roach x3  
  65  4:51  Roach  
  73  5:06  Roach  
  73  5:08  Overlord  
  73  5:09  Overlord  
  73  5:11  Spore Crawler  
  73  5:14  Zergling x4  
  74  5:26  Zergling x6  
  74  5:27  Zergling x8  
  74  5:28  Zergling x6  
  84  5:31  Ravager x2  
  84  5:32  Ravager x2  
  86  5:37  Extractor  
  86  5:38  Spore Crawler, Zergling x2  
  86  5:39  Zergling x4  
  86  5:42  Ravager  
  86  5:43  Zergling x2  
  85  5:50  Zergling x2  
  85  5:51  Zergling x6  
  86  5:57  Zergling x6  
  89  6:09  Zergling x2  
  89  6:10  Zergling x4  
  88  6:15  Zergling x6  
  88  6:19  Zergling x2  
Tags
 
Add a new tag
Caveats
  • Supply blocks, unpowered buildings, or Contaminate may cause inaccurate times.
  • Supply counts are checked every 10 seconds.